 Dungeon Crawl Stone Soup version 0.32-a0-19-g28bc0835a1 (webtiles) character file.

Game seed: 12688937885125657006

7748 Herkes the Basher (level 11, -6/75 (77) HPs)
             Began as a Demonspawn Ice Elementalist on Jan 17, 2024.
             Was a Believer of Sif Muna.
             Mangled by an orc warrior
             ... wielding a +0 mace
              (10 damage)
             ... on level 9 of the Dungeon.
             The game lasted 00:33:20 (11949 turns).

Herkes the Basher (Demonspawn Ice Elementalist)    Turns: 11949, Time: 00:33:20

HP:   -6/75 (77)    AC: 17    Str: 10    XL:     11   Next: 0%
MP:   14/21         EV: 16    Int: 18    God:    Sif Muna [**....]
Gold: 308           SH:  5    Dex: 14    Spells: 7/23 levels left

rFire   . . .        v - +1 morningstar (heavy)
rCold   . . .        C - +0 buckler
rNeg    . . .        M - +0 acid dragon scales
rPois   +            A - +0 helmet
rElec   .            z - +1 cloak {Will+}
rCorr   +            N - +2 pair of gloves
SInv    .            B - +0 pair of boots
Will    ++...        c - amulet of faith
Stlth   ++           i - +5 ring of evasion
HPRegen 0.32/turn    J - ring of willpower
MPRegen 0.17/turn

%: faith
@: on blink cooldown, very slightly contaminated, lightly drained
A: claws 1, slimy green scales 3, powered by death 1, condensation shield
a: Renounce Religion, Channel Magic


You were on level 9 of the Dungeon.
You worshipped Sif Muna.
Sif Muna was pleased with you.
You visited 2 branches of the dungeon, and saw 10 of its levels.

You collected 669 gold pieces.
You spent 361 gold pieces at shops.

Inventory:

Hand Weapons
 q - a +2 dagger of speed
 v - a +1 heavy morningstar (weapon)
Missiles
 l - 4 javelins
 w - 19 poisoned darts
 x - 2 atropa-tipped darts
 K - 2 curare-tipped darts
Armour
 z - a +1 cloak of willpower (worn)
 A - a +0 helmet (worn)
 B - a +0 pair of boots (worn)
 C - a +0 buckler (worn)
 E - the +10 storm dragon scales of Uskayaw's Esteem {^Drain rElec Dex+4 Slay+2}
   (You took it off an orc warrior on level 7 of the Dungeon)

   Dex+4:     It affects your dexterity (+4).
   Slay+2:    It affects your accuracy & damage with ranged weapons and melee
   (+2).
   rElec:     It insulates you from electricity.
   ^Drain:    It drains your maximum health when unequipped.
 G - the +10 fire dragon scales of the Elephant {rF++ rC- Dex+3}
   (You found it on level 7 of the Dungeon)

   Dex+3:     It affects your dexterity (+3).
   rF++:      It greatly protects you from fire.
   rC-:       It makes you vulnerable to cold.
 M - +0 acid dragon scales (worn)
 N - a +2 pair of gloves (worn)
Jewellery
 c - an amulet of faith (around neck)
 i - a +5 ring of evasion (left hand)
 J - a ring of willpower (right hand)
Talismans
 F - a storm talisman
Wands
 k - a wand of flame (26)
 D - a wand of charming (8)
 I - a wand of mindburst (20)
Scrolls
 d - a scroll of revelation {unknown}
 f - 7 scrolls of identify
 g - a scroll of fog
 n - 2 scrolls of noise
 p - 5 scrolls of teleportation
 y - 2 scrolls of poison
 L - a scroll of brand weapon
Potions
 b - a potion of magic
 e - a potion of enlightenment
 h - 3 potions of ambrosia
 j - 2 potions of lignification {unknown}
 o - 3 potions of curing {unknown}
 r - 2 potions of haste {unknown}
 s - a potion of mutation {unknown}
 t - a potion of cancellation {unknown}
 u - 2 potions of might {unknown}
Miscellaneous
 m - a lightning rod (4/4)


   Skills:
 + Level 4.0 Fighting
 * Level 9.1 Maces & Flails
 - Level 2.0 Armour
 - Level 3.6 Dodging
 - Level 3.0 Stealth
 - Level 4.0 Shields
 * Level 6.8 Spellcasting
 + Level 3.2 Hexes
 * Level 7.2 Ice Magic
 - Level 5.0 Invocations


You had 7 spell levels left.
You knew the following spells:

 Your Spells              Type           Power      Damage    Failure   Level
a - Freeze                Ice            100%       1d10      1%          1
b - Frozen Ramparts       Ice            64%        1d10      3%          3
c - Ozocubu's Armour      Ice            32%        N/A       3%          3
d - Ensorcelled Hibernat  Hex/Ice        50%        N/A       4%          2
e - Freezing Cloud        Conj/Ice/Air   7%         6-21      95%         5
f - Blink                 Tloc           12%        N/A       36%         2

Your spell library contained the following spells:

 Spells                   Type           Power      Damage    Failure   Level
 Summon Ice Beast         Ice/Summ       19%        N/A       17%         3
 Apportation              Tloc           12%        N/A       26%         1
 Magic Dart               Conj           24%        1d4       26%         1
 Necrotise                Necr           24%        1d5       26%         1
 Sting                    Conj/Alch      24%        1d4       26%         1
 Summon Small Mammal      Summ           24%        N/A       26%         1
 Call Imp                 Summ           12%        N/A       36%         2
 Cigotuvi's Dreadful Rot  Necr/Alch/Air  12%        N/A       36%         2
 Lesser Beckoning         Tloc           12%        N/A       36%         2
 Momentum Strike          Conj/Tloc      12%        3d8       36%         2
 Searing Ray              Conj           12%        2d4       36%         2
 Passwall                 Erth           6%         N/A       58%         3
 Stone Arrow              Conj/Erth      12%        3d7       58%         3
 Swiftness                Air            6%         N/A       58%         3
 Metabolic Englaciation   Hex/Ice        12%        N/A       63%         5
 Dimensional Bullseye     Hex/Tloc       5%         N/A       78%         4
 Ignite Poison            Fire/Alch      6%         N/A       94%         4
 Fireball                 Conj/Fire      3%         3d4       100%        5
 Sculpt Simulacrum        Ice/Alch       9%         N/A       100%        6
 Starburst                Conj/Fire      3%         6d3       100%        6
 Polar Vortex             Ice            16%        12d2*     100%        9


Dungeon Overview and Level Annotations

Branches:
Dungeon (9/15)             Temple (1/1) D:5
   Lair: D:8-11         Orc: D:9-12

Altars:
Ashenzari
Cheibriados
Dithmenos
Fedhas
Gozag
Kikubaaqudgha
Makhleb
Nemelex Xobeh
Okawaru
Qazlal
Ru
Sif Muna
Trog
Uskayaw
Vehumet
Wu Jian
Yredelemnul

Shops:
D:4 [[**   D:6 *(?*=   D:7 :

Annotations:
D:7 2 runed translucent doors
D:8 2 transporters, Picsou's ghost, novice MiBe


Innate Abilities, Weirdness & Mutations

You have sharp fingernails.
You are completely covered in slimy green scales. (AC +4, rPois)
You regenerate a little health from kills.
A meltable shield of frost defends you. (SH +0)


Message History

Your icy armour cracks and falls away as you move.
You block the orc warrior's attack.
The steam dragon completely misses you. x2
You block the howler monkey's attack. The yak completely misses you.
Casting: Blink (dangerous; 36% risk of failure)
Confirm with . or Enter, or press ? or * to list all spells.
You are still too unstable to blink.
Okay, then.
As you read the scroll of fog, it dissolves into smoke.
The orc warrior hits you but does no damage.
The steam dragon barely misses you. You block the steam dragon's attack.
You block the bullfrog's attack. The howler monkey closely misses you.
The yak barely misses you.
A wyvern comes into view.
The bullfrog barely misses you.
The orc warrior attacks as it pursues you!
The orc warrior hits you with a +0 mace.
* * * LOW HITPOINT WARNING * * *
The howler monkey closely misses you. The bullfrog barely misses you.
Okay, then.
As you read the scroll labelled UFOTORGHUAHU, it crumbles to dust.
It is a scroll of enchant armour.
Your +0 cloak of willpower glows green for a moment.
The howler monkey hits you but does no damage.
The orc warrior closely misses you.
The bullfrog hits you but does no damage.
The howler monkey barely misses you.
Blink to where?
Press: ? - help, Dir - move target
As you read the scroll labelled TIPNAE YWOYSKE, it crumbles to dust.
It was a scroll of blinking.
You block the bullfrog's attack. You block the orc warrior's attack.
The howler monkey hoots and howls with incredible vigour!
The bullfrog hits you but does no damage.
The steam dragon breathes steam at you. The ball of steam hits you.
Your condensation shield dissipates!
* * * LOW HITPOINT WARNING * * *
The steam dragon closely misses you. The steam dragon completely misses you.
The orc warrior hits you with a +0 mace!
You die...

## #. #.## ..####..##
.?.......# #####
.....k...## ##...##
.....§§..F####.....##
.....§§§§o@.........#
.....§§YhD###.......#
.....§§§§§§.........#
......§§.#####.)...##
.....§...# ##...<.##
....$...## #...>...#
.#.....## #.......#
###### #.......#
##.....##


You could see a steam dragon (catching breath), an orc warrior, a wyvern, a
bullfrog and a howler monkey.

Vanquished Creatures
  A two-headed ogre (D:8)
  A skeletal warrior (D:8)
  A manticore (D:8)
  A cyclops (D:7)
  A gargoyle (D:7)
  A troll (D:7)
  Sigmund (D:5)
  3 yaks
  A steam dragon (D:7)
  A vampire mosquito (D:7)
  An acid dragon (D:8)
  4 water moccasins
  2 orc warriors
  A sky beast (D:7)
  2 black bears
  4 ice beasts (D:7)
  An ogre (D:4)
  5 centaurs
  3 kobold brigands
  4 bullfrogs
  A gnoll sergeant (D:7)
  4 scorpions
  12 wights
  7 howler monkeys
  2 orc priests
  2 jellies (D:7)
  3 bombardier beetles
  A gnoll bouda (D:4)
  3 hounds
  4 iguanas
  2 sleepcaps
  10 orc wizards
  5 gnolls (D:4)
  7 adders
  A shadow imp (D:5)
  3 white imps
  3 dart slugs
  3 ribbon worms (D:2)
  21 orcs
  6 ball pythons
  5 bats
  2 endoplasms
  4 giant cockroaches
  4 goblins
  12 hobgoblins
  4 jackals (D:1)
  8 kobolds
  6 quokkas
  2 frilled lizards (D:3)
  7 rats
193 creatures vanquished.

Notes
Turn   | Place    | Note
-------+----------+-------------------------------------------
     0 | D:1      | Herkes the Demonspawn Ice Elementalist began the quest for
                  | the Orb.
     0 | D:1      | Reached XP level 1. HP: 13/13 MP: 3/3
   256 | D:1      | Gained mutation: You regenerate a little health from kills.
                  | [demonic ancestry]
   256 | D:1      | Reached XP level 2. HP: 19/19 MP: 0/5
  1005 | D:1      | Gained mutation: You are partially covered in slimy green
                  | scales. (AC +2) [demonic ancestry]
  1005 | D:1      | Reached XP level 3. HP: 24/24 MP: 6/6
  1785 | D:2      | Learned a level 3 spell: Frozen Ramparts
  1789 | D:2      | Learned a level 3 spell: Ozocubu's Armour
  1938 | D:2      | Found a faded altar of an unknown god.
  2222 | D:2      | Gained mutation: You are mostly covered in slimy green
                  | scales. (AC +3) [demonic ancestry]
  2222 | D:2      | Reached XP level 4. HP: 30/30 MP: 4/8
  2883 | D:3      | Found an ornate altar of the Wu Jian Council.
  3250 | D:3      | Found an iron altar of Okawaru.
  3372 | D:3      | Found a basalt altar of Yredelemnul.
  3444 | D:3      | Found a broken altar of Ashenzari.
  3610 | D:3      | Gained mutation: A meltable shield of frost defends you.
                  | (SH +0) [demonic ancestry]
  3610 | D:3      | Reached XP level 5. HP: 33/35 MP: 6/9
  3974 | D:4      | Noticed an ogre
  3980 | D:4      | Reached skill level 1 in Fighting
  3987 | D:4      | Killed an ogre
  3988 | D:4      | Reached XP level 6. HP: 43/43 MP: 1/12
  4103 | D:4      | Found Siusuh's General Store.
  4105 | D:4      | Found Piywisku's General Store.
  4105 | D:4      | Found Kunliq's Antique Armour Emporium.
  4332 | D:4      | You fall into a shaft and drop 1 floor!
  4332 | D:5      | Entered Level 5 of the Dungeon
  5127 | D:4      | Found Xoibresa's Armour Emporium.
  5135 | D:4      | Bought a +0 helmet for 63 gold pieces
  5135 | D:4      | Bought a +0 pair of boots for 63 gold pieces
  5135 | D:4      | Bought a +0 buckler for 63 gold pieces
  5153 | D:4      | Learned a level 2 spell: Ensorcelled Hibernation
  5159 | D:4      | Learned a level 5 spell: Freezing Cloud
  5408 | D:5      | Reached XP level 7. HP: 40/50 MP: 10/14
  5529 | D:5      | Reached skill level 1 in Shields
  5706 | D:5      | Found a staircase to the Ecumenical Temple.
  5746 | Temple   | Entered the Ecumenical Temple
  5835 | D:5      | Reached skill level 5 in Spellcasting
  6009 | D:5      | Reached skill level 1 in Maces & Flails
  6314 | D:5      | Reached skill level 2 in Maces & Flails
  6477 | D:5      | Noticed Sigmund
  6501 | D:5      | Killed Sigmund
  6502 | D:5      | Reached XP level 8. HP: 53/57 MP: 6/15
  6668 | D:5      | Found a shimmering blue altar of Sif Muna.
  6805 | D:5      | Found a shadowy altar of Dithmenos.
  6913 | D:5      | Became a worshipper of Sif Muna the Loreminder
  6981 | D:6      | Reached skill level 1 in Invocations
  7017 | D:6      | Found Lummod's Jewellery Shop.
  7195 | D:6      | Found Utwouh's Assorted Antiques.
  7202 | D:6      | Bought a runed cloak for 172 gold pieces
  7283 | D:6      | Reached skill level 1 in Armour
  7283 | D:6      | Reached skill level 1 in Hexes
  7327 | D:6      | Found Ybyorghao's Weapon Shoppe.
  7491 | D:6      | Found Suoqot's Magic Scroll Shoppe.
  7496 | D:6      | Found Daaklurch's Assorted Antiques.
  7506 | D:6      | Found a bloodstained altar of Trog.
  7674 | D:6      | Reached skill level 3 in Maces & Flails
  8245 | D:7      | HP: 1/57 [steam dragon] (2)]
  8545 | D:7      | Found a large runed translucent door.
  8545 | D:7      | Found a large runed translucent door.
  8572 | D:7      | Reached skill level 4 in Maces & Flails
  8661 | D:7      | Reached skill level 5 in Invocations
  8661 | D:7      | Gained mutation: You have sharp fingernails. [demonic
                  | ancestry]
  8661 | D:7      | Reached XP level 9. HP: 62/62 MP: 14/16
  8702 | D:7      | Reached skill level 5 in Maces & Flails
  8768 | D:7      | Found a large runed translucent door.
  8768 | D:7      | Found a large runed translucent door.
  8804 | D:7      | Reached * piety under Sif Muna
  8848 | D:7      | Reached skill level 6 in Maces & Flails
  8985 | D:7      | Noticed a gargoyle
  8985 | D:7      | Noticed a cyclops
  9135 | D:7      | Reached skill level 7 in Maces & Flails
  9148 | D:7      | Identified the +10 storm dragon scales of Uskayaw's Esteem
                  | {^Drain rElec Dex+4 Slay+2}
  9394 | D:7      | Reached skill level 5 in Ice Magic
  9486 | D:7      | Identified the +10 fire dragon scales of the Elephant {rF++
                  | rC- Dex+3}
  9491 | D:7      | Got the Meditations on Hyperborean Impulse
  9508 | D:7      | Killed a cyclops
  9708 | D:7      | Killed a gargoyle
  9709 | D:7      | Reached XP level 10. HP: 52/70 MP: 12/18
  9866 | D:7      | Reached skill level 8 in Maces & Flails
 10148 | D:7      | Found Wiasitwy's Book Shoppe.
 10317 | D:7      | Found a burning altar of Makhleb.
 10520 | D:7      | Got the Spellbook of the Thirteen Spreadsheets
 10521 | D:7      | Identified the +10 hand axe of Obiceq {freeze, rF+ Will+}
 10539 | D:7      | Learned a level 2 spell: Blink
 10798 | D:8      | Reached ** piety under Sif Muna
 10889 | D:8      | Noticed Picsou's ghost (novice MiBe)
 10906 | D:8      | Found a transporter.
 10909 | D:8      | Found a transporter.
 10980 | D:8      | Noticed a skeletal warrior
 10995 | D:8      | Killed a skeletal warrior
 11091 | D:8      | Noticed a manticore
 11103 | D:8      | Killed a manticore
 11209 | D:8      | Noticed a two-headed ogre
 11234 | D:8      | Killed a two-headed ogre
 11235 | D:8      | Reached skill level 9 in Maces & Flails
 11372 | D:8      | Identified the +9 falchion of the Pharaoh's Fist {freeze,
                  | rPois rCorr Dex+2}
 11933 | D:9      | Gained mutation: You are completely covered in slimy green
                  | scales. (AC +4, rPois) [demonic ancestry]
 11933 | D:9      | Reached XP level 11. HP: 37/75 MP: 21/21
 11949 | D:9      | Mangled by an orc warrior

Illustrated notes

Levels and vault maps discovered:
D:1:      matt_arrival_spirals, layout_basic, minmay_hedge_maze
D:2:      layout_basic, ebering_ecumenical_altar_sacrificial, minmay_unequal
D:3:      layout_basic, nicolae_ashenzari_skybound,
          mainiacjoe_overflow_chevrons, mainiacjoe_overflow_alcove_4,
          marbit_many_paths
D:4:      layout_layer_cave, minmay_shop_grid_forest
D:5:      layout_loops_ring, elyvilon_altar_3,
          grunt_dithmenos_smoke_and_mirrors, mainiacjoe_overflow_paths,
          minmay_temple_entry_enclosed_plants, blue_anna_alchemist, uniq_sigmund
D:6:      layout_rooms, lemuel_round_altar, serial_shops,
          nicolae_shop_tiny_real_fake_doors, nicolae_shop_advertising_works
          [nicolae_subvault_shop_adworks], shop, shop, shop
D:7:      minmay_the_grid_square_5x5_3x3 [minmay_the_grid_square_5x5_three,
          minmay_the_grid_square_5x5_shrine2,
          minmay_the_grid_square_5x5_checkered_statues,
          minmay_the_grid_square_5x5_two_small,
          minmay_the_grid_square_5x5_megaprize_checkered,
          minmay_the_grid_square_5x5_tie, minmay_the_grid_square_5x5_v,
          minmay_the_grid_square_5x5_six_small,
          minmay_the_grid_square_5x5_lines], layout_layer_cave, minitemple,
          serial_shops, nicolae_shop_waterfront, serial_glass, glass_columns_b,
          glass_columns_a, minmay_hollow_rounded_squares
D:8:      layout_rooms, gammafunk_ghost_arena, minmay_radiant
D:9:      layout_rooms, worldfamousw_hep_ancestral_shrine, serial_shops,
          nicolae_shop_getting_attention, minmay_increasing_density,
          uniq_maurice, uniq_erica
Temple:   nicolae_temple_figure_zero

Skill      XL: |  1  2  3  4  5  6  7  8  9 10 |
---------------+-------------------------------+-----
Ice Magic      | 4 5 7 |  7.2
Dodging        | 2 3 |  3.6
Stealth        | 2 3 |  3.0
Spellcasting   | 3 4 5 6 |  6.8
Fighting       | 1 2 3 4 |  4.0
Shields        | 3 4 |  4.0
Maces & Flails | 2 4 7 9 |  9.1
Invocations    | 5 |  5.0
Armour         | 2 |  2.0
Hexes          | 2 3 |  3.2

Action                     |  1- 3 |  4- 6 |  7- 9 | 10-12 || total
---------------------------+-------+-------+-------+-------++-------
  Melee: Unarmed           |    13 |       |       |       ||    13
         Dagger            |     2 |       |   180 |       ||   182
         Short sword       |    51 |   102 |    34 |       ||   187
         Morningstar       |       |       |    23 |   120 ||   143
  Throw: Dart              |       |       |     1 |       ||     1
   Cast: Freeze            |    58 |    63 |   146 |    31 ||   298
         Frozen Ramparts   |       |     8 |    20 |     9 ||    37
         Ozocubu's Armour  |       |     2 |     9 |     5 ||    16
         Ensorcelled Hiber |       |       |     2 |       ||     2
         Blink             |       |       |       |     1 ||     1
  Evoke: Wand              |       |       |     2 |     2 ||     4
         Lightning rod     |       |       |     2 |     1 ||     3
    Use: Scroll            |       |       |     8 |     3 ||    11
         Potion            |       |       |     2 |       ||     2
   Stab: Sleeping          |       |     3 |     6 |       ||     9
 Armour: Robe              |    65 |     4 |       |       ||    69
         Leather armour    |       |    98 |   146 |    27 ||   271
         Acid dragon scale |       |       |       |    67 ||    67
         Troll leather arm |       |       |       |    25 ||    25
  Dodge: Dodged            |    76 |    71 |   200 |   136 ||   483
  Block: Other             |       |    16 |       |       ||    16
         Buckler           |       |       |   136 |    98 ||   234

Table legend: (Time is in decaauts)
 A = Elapsed time spent in this place.
 B = Non-inter-level travel time spent in this place.
 C = Inter-level travel time spent in this place.
 D = Time resting spent in this place.
 E = Time spent auto-exploring this place.
 F = Levels seen in this place.
 G = Mean time per level.
                   A        B        C        D        E       F      G
               +--------+--------+--------+--------+--------+-----+--------+
         Total |  11994 |  11379 |    615 |    711 |   8548 |  10 | 1199.4 |
       Dungeon |  11943 |  11333 |    610 |    680 |   8548 |   9 | 1327.0 |
        Temple |     50 |     45 |      5 |     31 |      0 |   1 |   50.0 |
               +--------+--------+--------+--------+--------+-----+--------+

Top non-repeatable levels by time:
     D:7: 2983 daAuts
     D:5: 1631 daAuts
     D:4: 1455 daAuts
     D:2: 1436 daAuts
     D:1: 1326 daAuts
     D:8: 1214 daAuts
     D:3: 1053 daAuts
     D:6: 775 daAuts
     D:9: 67 daAuts
  Temple: 50 daAuts
